 Dungeon Crawl Stone Soup version 0.27.0-1-g7a08968 (webtiles) character file.

Game seed: 10579839155287462941

1525 NeededCrab the Ducker (level 8, 0/64 HPs)
             Began as a Gnoll Gladiator on Oct 7, 2021.
             Was a Believer of Okawaru.
             Splashed by a jelly's acid (9 damage)
             ... on level 6 of the Dungeon.
             The game lasted 00:23:40 (7364 turns).

NeededCrab the Ducker (Gnoll Gladiator)             Turns: 7364, Time: 00:23:42

Health: 0/64       AC:  8    Str: 13    XL:     8   Next: 84%
Magic:  13/13      EV:  8    Int: 10    God:    Okawaru [**....]
Gold:   373        SH:  0    Dex: 14    Spells: 14/14 levels left

rFire    . . .     SeeInvis .   a - +0 quarterstaff
rCold    . . .     Faith    .   (shield currently unavailable)
rNeg     . . .     Spirit   .   x - +0 chain mail
rPois    +         Reflect  .   t - +0 helmet
rElec    .         Harm     .   j - +0 cloak
rCorr    .         Rampage  .   (no gloves)
Will     .....                  y - +0 pair of boots
Stlth    ..........             (no amulet)
HPRegen  0.20/turn              w - ring of poison resistance
MPRegen  0.13/turn              (no ring)

@: corroded
A: fangs 1, strong nose, distributed training
a: Renounce Religion, Heroism


You were on level 6 of the Dungeon.
You worshipped Okawaru.
Okawaru was pleased with you.
You visited 2 branches of the dungeon, and saw 7 of its levels.

You collected 373 gold pieces.

Inventory:

Hand Weapons
 a - a +0 quarterstaff (weapon)
 r - a +0 battleaxe
 s - a +0 hunting sling
Missiles
 d - 3 throwing nets
 f - 3 javelins
 l - 52 sling bullets
 n - 143 stones
 B - 4 silver boomerangs
 C - 8 boomerangs (quivered)
Armour
 g - a +0 buckler
 j - a +0 cloak (worn)
 t - a +0 helmet (worn)
 u - a +0 plate armour
 x - a +0 chain mail (worn)
 y - a +0 pair of boots (worn)
Jewellery
 w - a ring of poison resistance (left hand)
Wands
 D - a wand of iceblast (9)
Scrolls
 b - a scroll of blinking {unknown}
 c - a scroll of fog {unknown}
 h - a scroll of teleportation {unknown}
 i - a scroll of magic mapping {unknown}
 k - a scroll of enchant weapon {unknown}
 m - a scroll of identify {unknown}
 o - a scroll of fear {unknown}
 p - a scroll of silence {unknown}
 q - a scroll of summoning {unknown}
 A - a scroll of amnesia {unknown}
Potions
 e - 3 potions of curing
 v - 2 potions of lignification {unknown}
 z - a potion of might {unknown}


   Skills:
 + Level 5.9 Fighting
 + Level 3.6 Short Blades
 + Level 3.6 Long Blades
 + Level 3.6 Axes
 + Level 3.6 Maces & Flails
 + Level 3.6 Polearms
 + Level 7.5 Staves
 + Level 3.6 Slings
 + Level 3.6 Bows
 + Level 3.6 Crossbows
 + Level 5.9 Throwing
 + Level 3.6 Armour
 + Level 7.5 Dodging
 + Level 3.6 Stealth
 + Level 3.6 Shields
 + Level 3.6 Unarmed Combat
 + Level 3.6 Spellcasting
 + Level 3.0 Conjurations
 + Level 3.0 Hexes
 + Level 3.0 Summonings
 + Level 3.0 Necromancy
 + Level 3.0 Translocations
 + Level 3.0 Transmutations
 + Level 3.0 Fire Magic
 + Level 3.0 Ice Magic
 + Level 3.0 Air Magic
 + Level 3.0 Earth Magic
 + Level 3.0 Poison Magic
 + Level 4.0 Invocations
 + Level 3.6 Evocations


You had 14 spell levels left.
You didn't know any spells.
Your spell library contained the following spells:

 Spells                   Type           Power      Damage    Failure   Level
 Animate Skeleton         Necr           14%        N/A       91%         1
 Foxfire                  Conj/Fire      28%        2x1d5     91%         1
 Magic Dart               Conj           28%        1d4       91%         1
 Pain                     Necr           28%        1d5       91%         1
 Searing Ray              Conj           14%        3d3       97%         2
 Slow                     Hex            7%         N/A       97%         2
 Confusing Touch          Hex            7%         N/A       100%        3
 Conjure Flame            Conj/Fire      7%         6-21      100%        3
 Gell's Gravitas          Tloc           3%         N/A       100%        3
 Inner Flame              Hex/Fire       7%         N/A       100%        3
 Lesser Beckoning         Tloc           3%         N/A       100%        3
 Teleport Other           Tloc           7%         N/A       100%        3
 Vampiric Draining        Necr           3%         2d6       100%        3
 Fulminant Prism          Conj/Hex       3%         3d6       100%        4
 Yara's Violent Unravell  Hex/Tmut       3%         3d4       100%        5
 Borgnjor's Revivificati  Necr           3%         N/A       100%        8
 Necromutation            Tmut/Necr      3%         N/A       100%        8
 Death's Door             Necr           3%         N/A       100%        9


Dungeon Overview and Level Annotations

Branches:
Dungeon (6/15)             Temple (1/1) D:4

Altars:
Ashenzari
Cheibriados
Dithmenos
Elyvilon
Fedhas
Gozag
Hepliaklqana
Kikubaaqudgha
Makhleb
Nemelex Xobeh
Okawaru
Qazlal
Ru
Sif Muna
Trog
Uskayaw
Vehumet
Wu Jian
Xom
Yredelemnul
Zin
The Shining One

Shops:
D:2 (


Innate Abilities, Weirdness & Mutations

You have very sharp teeth.
Your uncanny sense of smell can sniff out nearby items.
Your experience applies equally to all skills.


Message History

The jelly hits you.
You are splashed with acid.
You hit the jelly but do no damage. The acid corrodes you!
Your hands burn!
The jelly is moderately wounded.
The jelly hits you.
You are splashed with acid!
* * * LOW HITPOINT WARNING * * *
You are too injured to fight recklessly!
You are too injured to fight recklessly!
The jelly jiggles.
You are no longer corroded.
You hit the jelly. The acid corrodes you!
Your hands burn!
The jelly is moderately wounded.
The jelly hits you but does no damage.
You hit the jelly.
Your hands burn!
* * * LOW HITPOINT WARNING * * *
The jelly is heavily wounded.
The jelly hits you but does no damage.
You hit the jelly.
Your hands burn!
* * * LOW HITPOINT WARNING * * *
The jelly is heavily wounded.
The jelly hits you but does no damage.
You hit the jelly but do no damage. The acid corrodes you!
Your hands burn!
* * * LOW HITPOINT WARNING * * *
You bite the jelly.
The jelly is heavily wounded.
The jelly hits you but does no damage.
You hit the jelly but do no damage.
Your hands burn!
* * * LOW HITPOINT WARNING * * *
You bite the jelly.
The jelly is severely wounded.
The jelly hits you but does no damage.
Your chain mail prevents you from hitting the jelly.
The jelly is severely wounded.
The jelly barely misses you.
You hit the jelly.
Your hands burn!
* * * LOW HITPOINT WARNING * * *
The jelly is severely wounded.
The jelly hits you.
* * * LOW HITPOINT WARNING * * *
You are splashed with acid!
You die...

##............##
#........#
#.............#
#>.......##
##............#
#.........#
#............#
#.........#
##...........#
#.........#
##..........#
#.........#
##.........#
#.........#
##.......J#
#.....<...# ##......@#
#..........#
###.....##
#..........#
###.#..####.........##
####..####.........#
##....#### .......#
##........# #......
###...####....### #...
##....## ##.....##...
##...### ##.....##


You could see a jelly.

Vanquished Creatures
  Grinder (D:5)
  Eustachio (D:5)
  An acid dragon (D:6)
  An ogre (D:4)
  3 phantoms
  2 scorpions
  2 bullfrogs
  2 hounds (D:5)
  3 jellies
  2 orc priests (D:5)
  A bullfrog skeleton (D:6)
  2 iguanas (D:5)
  2 orc wizards
  Robin (D:3)
  3 adders
  A white imp (D:6)
  An ufetubus (D:6)
  2 worms
  A dart slug (D:1)
  11 orcs
  A ball python (D:2)
  11 bats
  8 endoplasms
  2 giant cockroaches
  12 hobgoblins
  9 jackals
  4 kobolds
  4 quokkas
  2 frilled lizards (D:2)
  10 goblins
  5 rats
111 creatures vanquished.

Vanquished Creatures (others)
  4 toadstools (D:1)
4 creatures vanquished.

Grand Total: 115 creatures vanquished

Notes
Turn   | Place    | Note
-------+----------+-------------------------------------------
     0 | D:1      | NeededCrab the Gnoll Gladiator began the quest for the Orb.
     0 | D:1      | Reached XP level 1. HP: 20/20 MP: 1/1
   157 | D:1      | Reached XP level 2. HP: 17/26 MP: 2/2
   910 | D:1      | Reached XP level 3. HP: 31/31 MP: 3/3
   977 | D:1      | Found a faded altar of an unknown god.
  1338 | D:2      | Reached skill level 1 in Short Blades
  1338 | D:2      | Reached skill level 1 in Long Blades
  1338 | D:2      | Reached skill level 1 in Axes
  1338 | D:2      | Reached skill level 1 in Maces & Flails
  1338 | D:2      | Reached skill level 1 in Polearms
  1338 | D:2      | Reached skill level 1 in Slings
  1338 | D:2      | Reached skill level 1 in Bows
  1338 | D:2      | Reached skill level 1 in Crossbows
  1338 | D:2      | Reached skill level 1 in Armour
  1338 | D:2      | Reached skill level 1 in Stealth
  1338 | D:2      | Reached skill level 1 in Shields
  1338 | D:2      | Reached skill level 1 in Unarmed Combat
  1338 | D:2      | Reached skill level 1 in Spellcasting
  1338 | D:2      | Reached skill level 1 in Invocations
  1338 | D:2      | Reached skill level 1 in Evocations
  1338 | D:2      | Reached XP level 4. HP: 34/38 MP: 5/5
  1464 | D:2      | Found Otsecog's Weapon Shoppe.
  1511 | D:2      | Found a blossoming altar of Fedhas.
  1547 | D:2      | Reached skill level 1 in Conjurations
  1547 | D:2      | Reached skill level 1 in Hexes
  1547 | D:2      | Reached skill level 1 in Summonings
  1547 | D:2      | Reached skill level 1 in Necromancy
  1547 | D:2      | Reached skill level 1 in Translocations
  1547 | D:2      | Reached skill level 1 in Transmutations
  1547 | D:2      | Reached skill level 1 in Fire Magic
  1547 | D:2      | Reached skill level 1 in Ice Magic
  1547 | D:2      | Reached skill level 1 in Air Magic
  1547 | D:2      | Reached skill level 1 in Earth Magic
  1547 | D:2      | Reached skill level 1 in Poison Magic
  2448 | D:3      | Reached XP level 5. HP: 43/43 MP: 6/6
  2515 | D:3      | Noticed Robin
  2528 | D:3      | Killed Robin
  3204 | D:4      | Found a staircase to the Ecumenical Temple.
  3221 | Temple   | Entered the Ecumenical Temple
  3324 | Temple   | Became a worshipper of Warmaster Okawaru
  3348 | D:4      | Noticed a phantom
  3937 | D:4      | Reached XP level 6. HP: 50/50 MP: 8/8
  4556 | D:5      | Entered Level 5 of the Dungeon
  4649 | D:5      | Reached skill level 5 in Fighting
  4649 | D:5      | Reached skill level 5 in Throwing
  5211 | D:4      | Reached * piety under Okawaru
  5212 | D:4      | Reached XP level 7. HP: 36/56 MP: 10/10
  5581 | D:5      | Noticed Grinder
  5590 | D:5      | Noticed Eustachio
  5604 | D:5      | Killed Eustachio
  5751 | D:5      | Paralysed by Grinder for 7 turns
  5766 | D:5      | Killed Grinder
  5767 | D:5      | Reached XP level 8. HP: 61/63 MP: 10/12
  6045 | D:5      | Found an ancient bone altar of Kikubaaqudgha.
  6381 | D:6      | Reached ** piety under Okawaru
  7364 | D:6      | Splashed by a jelly's acid

Illustrated notes

Levels and vault maps discovered:
D:1:      ldierk_walled_garden_2, layout_loops_ring,
          hellmonk_ecumenical_altar_zigzags
D:2:      layout_rooms, serial_shops, shop, basic_altar
D:3:      layout_basic, chequers_serial_rivers_room_a, uniq_robin
D:4:      layout_loops_ring, minmay_temple_entry_statues_pillars
D:5:      layout_loops_ring, overflow_temple_1_default, uniq_eustachio,
          uniq_grinder
D:6:      layout_cave_pods
Temple:   compressed_dpeg_circular_temple

Skill      XL: |  1  2  3  4  5  6  7  8 |
---------------+-------------------------+-----
Short Blades   | 1 2 3 |  3.6
Long Blades    | 1 2 3 |  3.6
Axes           | 1 2 3 |  3.6
Maces & Flails | 1 2 3 |  3.6
Polearms       | 1 2 3 |  3.6
Slings         | 1 2 3 |  3.6
Bows           | 1 2 3 |  3.6
Crossbows      | 1 2 3 |  3.6
Armour         | 1 2 3 |  3.6
Stealth        | 1 2 3 |  3.6
Shields        | 1 2 3 |  3.6
Unarmed Combat | 1 2 3 |  3.6
Spellcasting   | 1 2 3 |  3.6
Invocations    | 1 2 3 4 |  4.0
Evocations     | 1 2 3 |  3.6
Conjurations   | 1 2 3 |  3.0
Hexes          | 1 2 3 |  3.0
Summonings     | 1 2 3 |  3.0
Necromancy     | 1 2 3 |  3.0
Translocations | 1 2 3 |  3.0
Transmutations | 1 2 3 |  3.0
Fire Magic     | 1 2 3 |  3.0
Ice Magic      | 1 2 3 |  3.0
Air Magic      | 1 2 3 |  3.0
Earth Magic    | 1 2 3 |  3.0
Poison Magic   | 1 2 3 |  3.0
Fighting       | 5 |  5.9
Throwing       | 5 |  5.9
Staves         | 7 |  7.5
Dodging        | 7 |  7.5

Action                   |  1- 3 |  4- 6 |  7- 9 || total
-------------------------+-------+-------+-------++-------
Melee: Quarterstaff      |    92 |   227 |   128 ||   447
       Bite              |     8 |    25 |    12 ||    45
 Fire: Hunting sling     |       |    30 |    18 ||    48
Throw: Boomerang         |       |       |    10 ||    10
Invok: Heroism           |       |       |     3 ||     3
  Use: Potion            |       |     1 |       ||     1
 Stab: Sleeping          |     2 |     1 |       ||     3
Armor: Leather armour    |    19 |    45 |     9 ||    73
       Chain mail        |       |       |    29 ||    29
Dodge: Dodged            |    42 |   119 |    42 ||   203
